 Dungeon Crawl Stone Soup version 0.31.0-11-ge490571c62 (webtiles) character file.

Game seed: 16359999040476126760

9 hawla the Ducker (level 2, 0/15 HPs)
             Began as a Deep Elf Fire Elementalist on Jan 28, 2024.
             Slain by a jackal (2 damage)
             ... on level 1 of the Dungeon on Jan 29, 2024.
             The game lasted 00:01:11 (72 turns).

hawla the Ducker (Deep Elf Fire Elementalist)         Turns: 72, Time: 00:01:11

Health: 0/15       AC:  2    Str:  5    XL:     2   Next: 3%
Magic:  8/8        EV: 13    Int: 19    God:
Gold:   13         SH:  0    Dex: 15    Spells: 6/7 levels left

rFire   . . .        (no weapon)
rCold   . . .        (no shield)
rNeg    . . .        a - +0 robe
rPois   .            (no helmet)
rElec   .            (no cloak)
rCorr   .            (no gloves)
SInv    .            (no boots)
Will    .....        (no amulet)
Stlth   ++           (no ring)
HPRegen 0.22/turn    (no ring)
MPRegen 0.11/turn

%: no passive effects
@: no status effects
A: no striking features
a: no special abilities


You were on level 1 of the Dungeon.
You visited 1 branch of the dungeon, and saw 1 of its levels.

You collected 13 gold pieces.

Inventory:

Armour
 a - a +0 robe (worn)


   Skills:
 + Level 3.4 Dodging
 - Level 2.4 Stealth
 - Level 3.0 Spellcasting
 - Level 1.1 Conjurations
 - Level 3.2 Fire Magic


You had 6 spell levels left.
You knew the following spells:

 Your Spells              Type           Power      Damage    Failure   Level
a - Foxfire               Conj/Fire      44%        2x1d6     6%          1

Your spell library contained the following spells:

 Spells                   Type           Power      Damage    Failure   Level
 Scorch                   Fire           30%        2d6       6%          2
 Inner Flame              Hex/Fire       9%         N/A       24%         3
 Volatile Blastmotes      Fire/Tloc      18%        2d11      24%         3
 Flame Wave               Conj/Fire      11%        2d6       52%         4


Dungeon Overview and Level Annotations

Branches:
Dungeon (1/15)

Altars:


Message History

The foxfire hits the endoplasm.
The endoplasm is almost dead.
The foxfire hits the endoplasm.
You kill the endoplasm!
You have reached level 2!
Found a potion of magic.
A jackal comes into view.
Found 9 gold pieces.
A rat comes into view.
The rat squeaks loudly.
The jackal barks!
You hear a bark!
The quokka attacks as it pursues you! The quokka bites you.
The quokka closely misses you.
Casting: Foxfire (safe; 6% risk of failure)
Confirm with . or Enter, or press ? or * to list all spells.
You conjure some foxfire!
The quokka barely misses you. The rat bites you.
You hit the quokka but do no damage.
The foxfire hits the rat.
You kill the rat!
The foxfire hits the quokka.
The quokka is severely wounded.
A jackal comes into view.
The quokka closely misses you.
The jackal barks!
You hit the jackal but do no damage. The jackal bites you.
The quokka barely misses you. The jackal barely misses you.
You closely miss the quokka.
The quokka is severely wounded.
The quokka bites you. The jackal closely misses you.
You hit the quokka.
The quokka is almost dead.
The quokka misses you.
The jackal bites you but does no damage.
The quokka bites you.
The jackal bites you but does no damage.
You miss the quokka.
The quokka is almost dead.
The jackal bites you.
* * * LOW HITPOINT WARNING * * *
The quokka misses you. Magic courses through your body. The jackal bites you.
You die...

############....
......................+
#.....................#.
#................!...$..
#..........)............
#...........:.........
#......†.......!....
#...........###hh†#
#######..#### #.@.# ##.#
##r## ###.###.#######.#
................#
.#....#....######
#....####.# #... #..#
#... ##..K #.. ##..


You could see a quokka and 2 jackals.

Vanquished Creatures
  A dart slug (D:1)
  2 endoplasms (D:1)
  A jackal (D:1)
  A kobold (D:1)
  A rat (D:1)
6 creatures vanquished.

Vanquished Creatures (others)
  17 foxfires (D:1)
17 creatures vanquished.

Grand Total: 23 creatures vanquished

Notes
Turn   | Place    | Note
-------+----------+-------------------------------------------
     0 | D:1      | hawla the Deep Elf Fire Elementalist began the quest for
                  | the Orb.
     0 | D:1      | Reached XP level 1. HP: 10/10 MP: 6/6
    63 | D:1      | Reached XP level 2. HP: 15/15 MP: 0/8
    72 | D:1      | Slain by a jackal

Illustrated notes

Levels and vault maps discovered:
D:1:      minmay_arrival_stair_chambers, layout_basic, minmay_pentomino_o4

Skill      XL: |  1 |
---------------+----+-----
Dodging        | 3 |  3.4
Stealth        | |  2.4
Spellcasting   | |  3.0
Conjurations   | |  1.1
Fire Magic     | |  3.2

Action                     || total
---------------------------++-------
  Melee: Unarmed           ||    10
   Cast: Foxfire           ||     9
    Use: Potion            ||     1
 Armour: Robe              ||    12
  Dodge: Dodged            ||    13
